Match 47256476
Unlisted

Match 47256476
End
Selects Italian Combined Arms Battlegroup
Selects Bersaglieri Squad
Bersaglieri Squad
Kradschützen Motorcycle Team
Bersaglieri Squad
Construct Light Support Kompanie
Fire Support Elements
Panzerjäger Squad
Selects Bersaglieri Bolster
Flakvierling Half-track
Vehicle Survival Package
Panzerpioneer Squad
2.5-tonne Medical Truck
Pak 38 Mechanized Group
Selects Semovente da 75/18 Assault Gun
Selects Strafing Run
Strafing Run
Strafing Run
Construct Panzerarmee Kommand
Tungsten Core Ammunition
Panzerpioneer Squad
Selects Artillery Cover
Walking Stuka Rocket Launcher
Flak 36 Anti-tank Gun Team
Strafing Run
Pak 38 Mechanized Group
Panzer III L Medium Tank
Bersaglieri Squad
Strafing Run
Walking Stuka Rocket Launcher
Emergency Repair Kits
Walking Stuka Rocket Launcher
William Rhodes
IronDragon
Stilzo
skyhawkfranky
McGriggles
literofcola
PV || Evil
Karma
0
0

Comments sign in to comment!

No comments posted yet!